 Dungeon Crawl Stone Soup version 0.28.0-45-g0d030f2227 (webtiles) character file.

Game seed: 5262944051938192483

42 101zpm the Shield-Bearer (level 3, -1/24 HPs)
             Began as a Gargoyle Fighter on Apr 10, 2022.
             Frozen to death by an endoplasm (4 damage)
             ... on level 2 of the Dungeon.
             The game lasted 00:01:32 (661 turns).

101zpm the Shield-Bearer (Gargoyle Fighter)          Turns: 661, Time: 00:01:35

Health: -1/24      AC: 10    Str: 21    XL:     3   Next: 54%
Magic:  3/3        EV:  9    Int:  8    God:
Gold:   36         SH:  4    Dex:  9    Spells: 2/2 levels left

rFire   . . .      SeeInvis .   g - +4 club
rCold   . . .      Faith    .   c - +0 buckler
rNeg    + . .      Spirit   .   b - +0 scale mail
rPois   ∞          Reflect  .   (no helmet)
rElec   +          Harm     .   (no cloak)
rCorr   .          Rampage  .   (no gloves)
Will    .....                   (no boots)
Stlth   ..........              (no amulet)
HPRegen 0.08/turn               (no ring)
MPRegen 0.08/turn               (no ring)

@: no status effects
A: sickness immunity, AC +3, negative energy resistance 1, electricity
resistance, torment resistance 1, petrification resistance
a: no special abilities


You were on level 2 of the Dungeon.
You visited 1 branch of the dungeon, and saw 3 of its levels.

You collected 36 gold pieces.

Inventory:

Hand Weapons
 a - a +0 flail
 g - a +4 club (weapon)
Missiles
 e - a throwing net (quivered)
Armour
 b - a +0 scale mail (worn)
 c - a +0 buckler (worn)
Scrolls
 h - a scroll of blinking {unknown}
 i - a scroll of amnesia {unknown}
Potions
 d - a potion of might
 f - a potion of brilliance {unknown}


   Skills:
 + Level 3.8 Fighting
 + Level 2.2 Maces & Flails
 + Level 3.7 Armour
 + Level 3.9 Shields


You had 2 spell levels left.
You didn't know any spells.
Your spell library was empty.

Dungeon Overview and Level Annotations

Branches:
Dungeon (3/15)

Altars:

Annotations:
D:2 1 runed translucent door, Crazy Yiuf


Innate Abilities, Weirdness & Mutations

You are immune to sickness and miasma.
Your stone body is resilient. (AC +3)
You are immune to poison.
You resist negative energy. (rN+)
You are resistant to electric shocks. (rElec)
You are resistant to unholy torment.
You are immune to petrification.


Message History

You closely miss the gnoll. You block the gnoll's attack. x2
The gnoll hits you with a +0 spear.
You closely miss the gnoll. The gnoll barely misses you.
The gnoll hits you with a +0 spear.
You hit the gnoll.
The gnoll is moderately wounded.
The gnoll hits you from afar with a +0 halberd!
* * * LOW HITPOINT WARNING * * *
An orc comes into view. It is wielding a +0 dagger.
The gnoll hits you but does no damage.
You are too injured to fight recklessly!
You are too injured to fight recklessly!
You are too injured to fight recklessly!
You are too injured to fight recklessly!
You are too injured to fight recklessly!
You are too injured to fight recklessly!
You are too injured to fight recklessly!
You are too injured to fight recklessly!
You are too injured to fight recklessly!
You are too injured to fight recklessly!
You are too injured to fight recklessly!
The gnoll hits you but does no damage.
You enter the shallow water.
Moving in this stuff is going to be slow.
Things that are here:
a +0 whip; an orc corpse
There is a stone staircase leading up here.
You climb upwards.
Level annotation: 1 runed translucent door, Crazy Yiuf The endoplasm quivers.
Found 13 gold pieces.
Found a stone staircase leading down.
There is a stone staircase leading down here.
You hit the endoplasm.
The endoplasm is moderately wounded.
The endoplasm freezes you.
You are frozen.
* * * LOW HITPOINT WARNING * * *
The endoplasm freezes you.
You are frozen.
You die...

.. ## #.#.#
##.#.#
#....# #
###....##
#.##.......#
#........$.#
#.......#
#### #.@J#
#..# #.>.#
##.# ##.##
#.# #.# #)#
..# #.# ###
#.# #.######
#......#


You could see an endoplasm.

Vanquished Creatures
  Jessica (D:2)
  A dart slug (D:3)
  An orc (D:3)
  2 endoplasms
  2 giant cockroaches (D:3)
  A goblin (D:2)
  A hobgoblin (D:3)
  2 ball pythons (D:2)
  A frilled lizard (D:3)
12 creatures vanquished.

Vanquished Creatures (others)
  13 plants (D:3)
13 creatures vanquished.

Grand Total: 25 creatures vanquished

Notes
Turn   | Place    | Note
-------+----------+-------------------------------------------
     0 | D:1      | 101zpm the Gargoyle Fighter began the quest for the Orb.
     0 | D:1      | Reached XP level 1. HP: 14/14 MP: 1/1
   109 | D:2      | Found a runed translucent door.
   110 | D:2      | Noticed Crazy Yiuf
   161 | D:2      | Noticed Jessica
   166 | D:2      | Killed Jessica
   167 | D:2      | Reached XP level 2. HP: 16/20 MP: 2/2
   167 | D:2      | Reached XP level 3. HP: 20/24 MP: 3/3
   661 | D:2      | Frozen to death by an endoplasm

Illustrated notes

Levels and vault maps discovered:
D:1:      minmay_arrival_checkered_box, layout_basic,
          hellmonk_ecumenical_altar_lost_god
D:2:      layout_loops_ring, patterned_corridor, uniq_crazy_yiuf_cottage,
          uniq_jessica
D:3:      layout_rooms, lemuel_tele_altar, nicolae_hepliaklqana_hippocampus,
          serial_bayou, serial_bayou_crossing, serial_bayou_shore_b,
          serial_bayou_pond_b, serial_bayou_pond_a, serial_bayou_ford_a

Action                   || total
-------------------------++-------
Melee: Flail             ||     5
       Club              ||    40
Throw: Throwing net      ||     1
Armor: Scale mail        ||    22
Dodge: Dodged            ||    17
Block: Buckler           ||    17
